 Dungeon Crawl Stone Soup version 0.27.1-33-g824d729ab1 (webtiles) character file.

Game seed: 3526890433232488648

319 lordive the Ruffian (level 6, -2/51 HPs)
             Began as a Naga Transmuter on Dec 27, 2021.
             Was a Believer of Cheibriados.
             Slain by Eustachio (6 damage)
             ... on level 4 of the Dungeon.
             The game lasted 00:07:37 (4303 turns).

lordive the Ruffian (Naga Transmuter)               Turns: 4303, Time: 00:07:37

Health: -2/51      AC:  4    Str: 16    XL:     6   Next: 45%
Magic:  9/10       EV: 10    Int: 20    God:    Cheibriados [**....]
Gold:   115        SH:  0    Dex: 21    Spells: 10/11 levels left

rFire    . . .     SeeInvis +     - Unarmed
rCold    . . .     Faith    .   (no shield)
rNeg     . . .     Spirit   .   j - +0 leather armour
rPois    +         Reflect  .   (helmet currently unavailable)
rElec    .         Harm     .   h - +0 cloak
rCorr    .         Rampage  .   (no gloves)
Will     .....                  (no barding)
Stlth    ++........             (no amulet)
HPRegen  0.17/turn              a - +6 ring of dexterity
MPRegen  0.12/turn              (no ring)

@: short of breath, appendages, very slow
A: horns 2, AC +2, large, see invisible, deformed body, poison resistance,
slowness 2, spit poison 1, naga tail 1
a: Spit Poison, End Transformation, Renounce Religion, Bend Time


You were on level 4 of the Dungeon.
You worshipped Cheibriados.
Cheibriados was pleased with you.
You had temporarily grown beastly horns.
You visited 1 branch of the dungeon, and saw 4 of its levels.

You collected 115 gold pieces.

Inventory:

Missiles
 l - a throwing net
Armour
 h - a +0 cloak (worn)
 j - a +0 leather armour (worn)
 k - a +0 kite shield
Jewellery
 a - a +6 ring of dexterity (left hand)
Scrolls
 c - a scroll of acquirement {unknown}
 d - 3 scrolls of enchant armour {unknown}
 e - a scroll of amnesia {unknown}
 g - a scroll of brand weapon {unknown}
 i - 2 scrolls of identify {unknown}
Potions
 b - a potion of lignification {unknown}
 f - a potion of attraction {unknown}
 m - a potion of might {unknown}


   Skills:
 + Level 1.6 Fighting
 + Level 1.7 Armour
 + Level 2.3 Dodging
 + Level 2.6 Stealth
 + Level 4.5 Unarmed Combat
 + Level 3.1 Spellcasting
 + Level 2.8 Transmutations


You had 10 spell levels left.
You knew the following spells:

 Your Spells              Type           Power      Damage    Failure   Level
a - Beastly Appendage     Tmut           28%        N/A       5%          1

Your spell library contained the following spells:

 Spells                   Type           Power      Damage    Failure   Level
 Wereblood                Tmut           14%        N/A       9%          2
 Spider Form              Tmut/Pois      4%         N/A       28%         3
 Ice Form                 Ice/Tmut       8%         N/A       67%         4


Dungeon Overview and Level Annotations

Branches:
Dungeon (4/15)             Temple (0/1) D:4

Altars:
Cheibriados
Makhleb

Annotations:
D:4 Eustachio


Innate Abilities, Weirdness & Mutations

You have temporarily grown beastly horns.
Your serpentine skin is tough. (AC +2)
You have supernaturally acute eyesight. (SInv)
Armour fits poorly on your strangely shaped body.
Your system is resistant to poisons. (rPois)
You cover ground very slowly.
You can spit poison.
You have a snake-like lower body.


Message History

Eustachio casts a spell.
Eustachio blinks!
Eustachio gestures wildly while chanting.
You barely miss the crimson imp. You headbutt the crimson imp!
The crimson imp is severely wounded.
The crimson imp blinks!
Your horns disappear.
The crimson imp blinks!
Press: ? - help, Shift-Dir - straight line, f - Eustachio
Aim: Eustachio, wielding a +0 falchion and wearing a +0 leather armour (translocational energy)
The splash of poison hits Eustachio!
Eustachio is lightly wounded.
Eustachio mumbles some strange words.
Eustachio blinks!
Casting: Beastly Appendage (safe; 5% risk of failure)
Confirm with . or Enter, or press ? or * to list all spells.
You grow a pair of large bovine horns.
The crimson imp blinks!
The white imp grinds its teeth.
The white imp hits you but does no damage.
You barely miss the white imp. You punch the white imp.
The white imp is lightly wounded.
You have got your breath back.
The white imp gestures at you. The puff of frost hits you!
* * * LOW HITPOINT WARNING * * *
Okay, then.
Okay, then.
Okay, then.
Unknown command.
Unknown command.
You closely miss the white imp. You headbutt the white imp.
The white imp is heavily wounded.
The white imp hits you but does no damage.
You hit the white imp. You headbutt the white imp.
You kill the white imp!
The white imp disappears in a puff of smoke!
Press: ? - help, Shift-Dir - straight line, f/p - Eustachio
Aim: Eustachio, wielding a +0 falchion and wearing a +0 leather armour (grey smoke, lightly wounded)
The splash of poison misses Eustachio.
Eustachio hits you with a +0 falchion.
You die...

o.###........^..#.##(..#
..<.#.............#.... ..
#..#...............#.# ... .
#.................##.##...
..##.......................#
............##.#..........# #
..........).##...........## ##.
#.............@..........##..
#.........###.#@###......#.##.#
............#..### #...........
............5..)...#.......###
..$..........@....##.......#
.#..........5.....>#.......# ##
#....................###..#####.
#........##'#####...## #.....##.
##. .⌠ ##....##.##.##.. # #..
##.............


You could see Eustachio.

Vanquished Creatures
  An ogre (D:4)
  A hound (D:4)
  2 orc priests
  An orc wizard (D:3)
  3 gnolls (D:3)
  2 adders (D:3)
  2 dart slugs (D:1)
  7 orcs (D:3)
  2 ball pythons
  4 bats
  5 endoplasms
  A giant cockroach (D:2)
  2 goblins (D:1)
  6 hobgoblins
  9 jackals
  A quokka (D:3)
  8 frilled lizards
  7 kobolds
  4 rats
68 creatures vanquished.

Notes
Turn   | Place    | Note
-------+----------+-------------------------------------------
     0 | D:1      | lordive the Naga Transmuter began the quest for the Orb.
     0 | D:1      | Reached XP level 1. HP: 18/18 MP: 3/3
   475 | D:1      | Reached XP level 2. HP: 25/25 MP: 3/5
  1398 | D:2      | Found a snail-covered altar of Cheibriados.
  1419 | D:2      | Became a worshipper of Cheibriados the Contemplative
  1423 | D:2      | Reached XP level 3. HP: 28/31 MP: 4/6
  2544 | D:3      | Reached * piety under Cheibriados
  2862 | D:3      | Reached XP level 4. HP: 13/38 MP: 7/7
  2871 | D:3      | Reached skill level 1 in Stealth
  2881 | D:3      | Reached XP level 5. HP: 9/44 MP: 9/9
  3190 | D:3      | Reached skill level 1 in Armour
  3530 | D:3      | Found a faded altar of an unknown god.
  3563 | D:3      | Reached skill level 4 in Unarmed Combat
  3737 | D:3      | Reached ** piety under Cheibriados
  4179 | D:4      | Found a staircase to the Ecumenical Temple.
  4248 | D:4      | Found a burning altar of Makhleb.
  4256 | D:4      | Noticed an ogre
  4257 | D:4      | Noticed Eustachio
  4281 | D:4      | Reached XP level 6. HP: 51/51 MP: 8/10
  4303 | D:4      | Slain by Eustachio

Illustrated notes

Levels and vault maps discovered:
D:1:      mrwooster_arrival_statue, layout_basic, minmay_fountain_box
D:2:      layout_basic, basic_altar, chequers_serial_rivers_small_b
D:3:      layout_loops_corners, chequers_ecumenical_altar_island
D:4:      layout_cave_pools, jmf_multi_god_temple,
          mainiacjoe_overflow_small_starburst, pf_just_have_faith,
          minmay_temple_entry_junction_2, serial_shops, shop, uniq_eustachio

Skill      XL: |  1  2  3  4  5 |
---------------+----------------+-----
Dodging        | 2 |  2.3
Stealth        | 1 2 |  2.6
Armour         | 1 |  1.7
Unarmed Combat | 4 |  4.5
Spellcasting   | 3 |  3.1
Fighting       | |  1.6
Transmutations | |  2.8

Action                   |  1- 3 |  4- 6 || total
-------------------------+-------+-------++-------
Melee: Unarmed           |   137 |    89 ||   226
       Headbutt          |    17 |    17 ||    34
       Punch             |     3 |     2 ||     5
 Cast: Beastly Appendage |    26 |    11 ||    37
 Abil: Spit Poison       |     2 |     7 ||     9
 Stab: Sleeping          |     1 |     2 ||     3
Armor: Robe              |    16 |       ||    16
       Leather armour    |    11 |    26 ||    37
Dodge: Dodged            |    80 |    32 ||   112
